 Dungeon Crawl Stone Soup version 0.28.0-43-g3370ac3207 (webtiles) character file.

Game seed: 14788536684026421053

1392 styxcanada the Covert (level 8, -4/40 HPs)
             Began as a Spriggan Brigand on Mar 25, 2022.
             Killed by divine providence
             ... invoked by an orc priest
              (14 damage)
             ... on level 6 of the Dungeon.
             The game lasted 00:22:25 (6468 turns).

styxcanada the Covert (Spriggan Brigand)            Turns: 6468, Time: 00:22:25

Health: -4/40      AC:  4    Str:  7    XL:     8   Next: 41%
Magic:  9/9        EV: 21    Int: 13    God:
Gold:   261        SH:  0    Dex: 18    Spells: 7/7 levels left

rFire   . . .      SeeInvis +   a - +2 dagger (drain)
rCold   . . .      Faith    .   (no shield)
rNeg    . . .      Spirit   .   b - +0 robe
rPois   .          Reflect  .   (helmet restricted)
rElec   .          Harm     .   c - +1 cloak
rCorr   .          Rampage  .   (gloves unavailable)
Will    +....                   (boots unavailable)
Stlth   +++++.....              (no amulet)
HPRegen 0.13/turn               (no ring)
MPRegen 0.11/turn               (no ring)

@: very quick
A: very small, no large weapons, unfitting armour, see invisible, speed 3
a: no special abilities


You were on level 6 of the Dungeon.
You visited 1 branch of the dungeon, and saw 6 of its levels.

You collected 261 gold pieces.

Inventory:

Hand Weapons
 a - a +2 dagger of draining (weapon)
 l - a +0 hunting sling
Missiles
 e - a curare-tipped dart
 j - 6 boomerangs
 o - 89 stones
 q - 72 sling bullets
 w - 6 poisoned darts (quivered)
Armour
 b - a +0 robe (worn)
 c - a +1 cloak (worn)
 t - an orb of light
Jewellery
 i - a ring of positive energy
Wands
 d - a wand of charming (3)
 y - a wand of digging (3)
Scrolls
 p - 2 scrolls of teleportation
 v - a scroll of amnesia
Potions
 f - a potion of mutation
 g - a potion of brilliance
 h - 2 potions of haste {unknown}
 m - 2 potions of curing
 n - a potion of lignification {unknown}
 r - 2 potions of berserk rage {unknown}
 s - a potion of magic {unknown}
 u - a potion of heal wounds {unknown}
 x - a potion of cancellation {unknown}


   Skills:
 * Level 3.3 Fighting
 + Level 4.6 Short Blades
 + Level 2.6(3.8) Slings
 + Level 3.4(3.7) Throwing
 * Level 6.2 Dodging
 * Level 10.6 Stealth
 * Level 3.8 Evocations


You had 7 spell levels left.
You didn't know any spells.
Your spell library contained the following spells:

 Spells                   Type           Power      Damage    Failure   Level
 Corpse Rot               Necr/Air       0%         N/A       43%         2
 Poisonous Vapours        Pois/Air       0%         N/A       43%         2
 Sublimation of Blood     Necr           0%         N/A       43%         2
 Wereblood                Tmut           0%         N/A       43%         2
 Summon Hydra             Summ           0%         N/A       100%        7


Dungeon Overview and Level Annotations

Branches:
Dungeon (6/15)
 Temple: D:4-7

Altars:
Fedhas
Kikubaaqudgha
Trog

Annotations:
D:3 3 runed translucent doors, pkoi's ghost, weakling SpAE
D:5 2 transporters, cbfl8's ghost, weakling MiDe


Innate Abilities, Weirdness & Mutations

You are very small and have problems with some larger weapons.
You are too small for most types of armour.
You have supernaturally acute eyesight. (SInv)
You cover ground extremely quickly. (Speed+++)


Message History

Press: ? - help, Shift-Dir - straight line, f - orc
Aim: an orc, wielding a +0 hand axe The mass of ice explodes!
The iceblast engulfs the orc!!
You kill the orc!
The iceblast engulfs the orc wizard!
You kill the orc wizard!
The iceblast engulfs the orc!!
You kill the orc!
The now-empty wand crumbles to dust.
The orc priest misses you.
The orc wizard gestures wildly while chanting.
The orc wizard flickers and vanishes for a moment.
Things that are here:
a +0 dagger; a +0 robe You hit the orc wizard.
The orc wizard is lightly wounded.
The orc throws a boomerang.
The boomerang barely misses the orc wizard.
The boomerang misses you.
You closely miss the orc priest.
The orc priest invokes the aid of Beogh against you.
You resist with some effort.
You barely miss the orc wizard.
The orc wizard is lightly wounded.
The orc priest closely misses you. The orc hits you with a +0 club.
The orc wizard points at you and mumbles some strange words.
The magic dart hits you.
* * * LOW HITPOINT WARNING * * *
It was a potion of curing.
You feel better. The orc wizard closely misses you.
The orc priest calls down the wrath of Beogh upon you.
Beogh smites you!
* * * LOW HITPOINT WARNING * * *
As you open the door, it creaks loudly! The orc wizard closely misses you.
A centaur skeleton comes into view.
There is an open door here.
The orc priest mumbles some strange prayers to Beogh against you.
Beogh smites you!
You die...

#........
####).......
#######.#))#####+##
#.........o.......+
#..........o......#
#.........o....!..#
#..........oo.....#
..#####'####'########
...........@........
....................
.........<..Z.......
....................
....................
.............(......
+#.......###########
#.......# #.......#


You could see 2 orc priests, an orc wizard (invisible), 2 orcs and a centaur
skeleton.

Vanquished Creatures
  An ice beast (D:5)
  A sky beast (D:5)
  2 ogres (D:4)
  A centaur (D:5)
  2 phantoms (D:5)
  A gnoll sergeant (D:5)
  A scorpion (D:5)
  A vampire bat (D:3)
  A howler monkey (D:5)
  A bullfrog zombie (D:5)
  4 hounds
  A bullfrog skeleton (D:5)
  A jelly (D:5)
  A centaur skeleton (D:4)
  2 iguanas
  2 orc wizards (D:6)
  Ijyb (D:5)
  A hound zombie (D:5)
  9 gnolls
  2 adders
  2 shadow imps (D:5)
  3 ufetubi (D:5)
  An adder skeleton (D:4)
  2 worms
  A dart slug (D:2)
  2 orcs (D:6)
  4 bat skeletons (D:3)
  3 bat zombies (D:3)
  6 endoplasms
  A giant cockroach (D:1)
  4 hobgoblins
  2 jackals (D:1)
  6 kobolds
  6 quokkas
  3 ball pythons
  3 bats
  A frilled lizard (D:2)
  7 goblins
  3 rats
96 creatures vanquished.

Vanquished Creatures (others)
  33 plants (D:5)
33 creatures vanquished.

Grand Total: 129 creatures vanquished

Notes
Turn   | Place    | Note
-------+----------+-------------------------------------------
     0 | D:1      | styxcanada the Spriggan Brigand began the quest for the
                  | Orb.
     0 | D:1      | Reached XP level 1. HP: 10/10 MP: 2/2
    52 | D:1      | Reached skill level 6 in Stealth
   492 | D:1      | Reached XP level 2. HP: 14/14 MP: 3/3
   939 | D:2      | Found a faded altar of an unknown god.
  1383 | D:2      | Reached skill level 7 in Stealth
  1383 | D:2      | Reached XP level 3. HP: 17/18 MP: 4/4
  2184 | D:3      | Found a runed translucent gate.
  2184 | D:3      | Found a runed translucent gate.
  2184 | D:3      | Found a runed translucent gate.
  2184 | D:3      | Noticed pkoi's ghost (weakling SpAE)
  2199 | D:3      | Reached XP level 4. HP: 18/23 MP: 5/5
  2719 | D:3      | Found an ancient bone altar of Kikubaaqudgha.
  2779 | D:3      | Reached skill level 8 in Stealth
  3265 | D:4      | Reached XP level 5. HP: 26/26 MP: 6/6
  4039 | D:4      | Reached skill level 9 in Stealth
  4132 | D:4      | Noticed an ogre
  4161 | D:4      | Killed an ogre
  4162 | D:4      | Reached XP level 6. HP: 30/30 MP: 7/7
  4445 | D:4      | Reached skill level 1 in Evocations
  4525 | D:5      | Entered Level 5 of the Dungeon
  4539 | D:5      | Found a transporter.
  4543 | D:5      | Noticed cbfl8's ghost (weakling MiDe)
  4842 | D:5      | Found a transporter.
  4847 | D:5      | Identified the +11 great mace of the Purse {venom, rPois
                  | Int+2 Dex-4}
  4884 | D:5      | Reached skill level 1 in Slings
  4884 | D:5      | Reached XP level 7. HP: 35/35 MP: 8/8
  5191 | D:5      | HP: 1/35 [phantom (5)]
  5206 | D:5      | Reached skill level 5 in Dodging
  5425 | D:5      | Reached skill level 10 in Stealth
  5575 | D:5      | Found a bloodstained altar of Trog.
  5625 | D:5      | Noticed Ijyb
  5643 | D:5      | Killed Ijyb
  5894 | D:5      | Reached XP level 8. HP: 40/40 MP: 9/9
  5935 | D:5      | Found a blossoming altar of Fedhas.
  6468 | D:6      | Killed from afar by an orc priest

Illustrated notes

Levels and vault maps discovered:
D:1:      saegor_arrival_simple_c, layout_basic, hex_medium
D:2:      layout_loops_ring, ebering_ecumenical_altar_rust
D:3:      layout_basic, kennysheep_vampire_church, ebering_ghost_rock_garden,
          nicolae_concentric_dashed_squares_mild
D:4:      layout_basic, grunt_ministairs_7
D:5:      minmay_angry_zag, layout_basic, fedhas_altar_2,
          lemuel_coloured_pillars_altar, gammafunk_ghost_smash,
          serial_bayou_lagoon_a, uniq_ijyb
D:6:      cheibrodos_two_vegetables, layout_gridville,
          minmay_temple_entry_oklob, portal_sewer_entry_e, uniq_blork_the_orc,
          uniq_grinder

Skill      XL: |  1  2  3  4  5  6  7  8 |
---------------+-------------------------+-----
Stealth        | 6 7 8 9 10 | 10.6
Dodging        | 2 4 5 6 |  6.2
Fighting       | 2 3 |  3.3
Short Blades   | 3 4 |  4.6
Evocations     | 1 3 |  3.8
Slings         | 1 2 |  2.6
Throwing       | 3 |  3.4

Action                   |  1- 3 |  4- 6 |  7- 9 || total
-------------------------+-------+-------+-------++-------
Melee: Dagger            |    59 |   134 |   154 ||   347
       Punch             |       |     1 |     2 ||     3
 Fire: Hunting sling     |       |    10 |    12 ||    22
Throw: Dart              |     1 |    23 |    19 ||    43
Evoke: Wand              |       |       |     3 ||     3
  Use: Scroll            |     8 |     6 |       ||    14
       Potion            |       |       |     1 ||     1
 Stab: Sleeping          |    15 |    12 |     5 ||    32
       Distracted        |     1 |       |     1 ||     2
Armor: Robe              |     3 |    45 |    15 ||    63
Dodge: Dodged            |    33 |   177 |   152 ||   362
